 Dungeon Crawl Stone Soup version 0.17.0-7-gfadd4cc (console) character file.

2 gw the Ducker (level 1, -2/14 HPs)
             Began as a Minotaur Air Elementalist on Nov 9, 2015.
             Slain by a hobgoblin
             ... wielding a +0 club
              (5 damage)
             ... on level 1 of the Dungeon.
             The game lasted 00:00:51 (305 turns).

gw the Ducker (Minotaur Air Elementalist)            Turns: 305, Time: 00:00:51

Health: -2/14      AC:  2    Str: 12    XL:     1   Next: 25%
Magic:  1/1        EV: 12    Int: 12    God:
Gold:   7          SH:  0    Dex: 10    Spells: 1 memorised, 1 level left

rFire  . . .     SeeInvis .     (no weapon)
rCold  . . .     Clarity  .     a - +0 robe
rNeg   . . .     SustAt   .     (no shield)
rPois  .         Gourm    .     (helmet restricted)
rElec  .         Spirit   .     (no cloak)
rCorr  .         Warding  .     (no gloves)
rMut   .         Stasis   .     (no boots)
MR     .....                    (no amulet)
Stlth  +.........               (no ring)
                                (no ring)

@: very slightly contaminated, not resistant to hostile enchantments, very
unstealthy
A: retaliatory headbutt, horns 2
a: no special abilities


You were on level 1 of the Dungeon.
You were not hungry.

You visited 1 branch of the dungeon, and saw 1 of its levels.

You collected 7 gold pieces.

Inventory:

Armour
 a - a +0 robe (worn)
Books
 b - a book of Air

   Spells                             Type                      Level
   a - Shock                          Conjuration/Air              1
   b - Swiftness                      Charms/Air                   2
   c - Repel Missiles                 Charms/Air                   2
   d - Static Discharge               Conjuration/Air              3
   e - Lightning Bolt                 Conjuration/Air              5
Comestibles
 c - a bread ration


   Skills:
 + Level 0.0 Fighting
 + Level 0.2 Armour
 - Level 2.1 Dodging
 - Level 1.5 Stealth
 * Level 1.4 Spellcasting
 - Level 0.6 Conjurations
 + Level 2.1 Air Magic


You had one spell level left.
You knew the following spells:

 Your Spells              Type           Power        Failure   Level  Hunger
a - Shock                 Conj/Air       #...         17%         1    ##.....


Dungeon Overview and Level Annotations

Branches:
Dungeon (1/15)

Altars:


Innate Abilities, Weirdness & Mutations

You reflexively headbutt those who attack you in melee.
You have a pair of horns on your head.


Message History

Unknown command.
Unknown command.
Unknown command.
MOVING TO (2,2)
The hobgoblin closely misses you.
Unknown command.
Unknown command.
Unknown command.
MOVING TO (1,1) Unknown command.
Unknown command.
Unknown command.
MOVING TO (-3,0)
The hobgoblin barely misses you. x2
Unknown command.
Unknown command.
Unknown command.
MOVING TO (-2,0)
The hobgoblin hits you with a club.
You die...

##.....#######..###
#.# #
##...#..g...#....#
#.# #
##+##.####.##.#.###.#
# #.####.##.......# .
.##.......###.#####
.# .......#..###.# .#
..#..#..g.....# #.
.....###g.##### #
.#....Hg.# ##.####.#
..# ####


You could see 3 hobgoblins.

Table legend:
 A = Turns spent in this place as a percentage of turns spent in the entire game.
 B = Non-inter-level travel turns spent in this place as a percentage of non-inter-level travel turns spent in the entire game.
 C = Inter-level travel turns spent in this place as a percentage of turns spent in this place.
 D = Turns resting spent in this place as a percentage of non-inter-level travel turns spent in this place.
 E = Turns spent auto-exploring this place as a percentage of non-inter-level travel turns spent in this place.
 F = Non-inter-level travel turns spent in this place divided by the number of levels of this place that you've seen.
                   A       B       C       D       E      F
               +-------+-------+-------+-------+-------+----------------------
         Total | 100.0 | 100.0 |   0.0 |   0.4 |   0.9 | 914.0
       Dungeon | 100.0 | 100.0 |   0.0 |   0.4 |   0.9 | 914.0
               +-------+-------+-------+-------+-------+----------------------

Table legend:
 A = Kills in this place as a percentage of kills in entire the game.
 B = Kills by you in this place as a percentage of kills by you in the entire game.
 C = Kills by friends in this place as a percentage of kills by friends in the entire game.
 D = Other kills in this place as a percentage of other kills in the entire game.
 E = Experience gained in this place as a percentage of experience gained in the entire game.
 F = Experience gained in this place divided by the number of levels of this place that you have seen.
                   A       B       C       D       E      F
               +-------+-------+-------+-------+-------+----------------------
         Total | 100.0 | 100.0 |  -nan |  -nan | 100.0 |   3.0
       Dungeon | 100.0 | 100.0 |  -nan |  -nan | 100.0 |   3.0
               +-------+-------+-------+-------+-------+----------------------

Vanquished Creatures
  A jackal (D:1)
  A rat (D:1)
2 creatures vanquished.

Notes
Turn   | Place    | Note
--------------------------------------------------------------
     0 | D:1      | gw the Minotaur Air Elementalist began the quest for the Orb.
     0 | D:1      | Reached XP level 1. HP: 14/14 MP: 1/1
   305 | D:1      | Slain by a hobgoblin

Action                   || total
-------------------------++-------
Melee: Unarmed           ||     3
 Cast: Shock             ||     4

Vault maps used:
D:1:      dpeg_arrival_three_bigger_balls, minmay_lizard_king
